groovejumper, chaotic female human Monk @ groovejumper the Initiate Experience level: 8 Strength: 25 Dexterity: 12 Constitution: 15 Intelligence: 10 Wisdom: 16 Charisma: 9 Health: 0(56) Energy: 56(56) AC: 4 Gold: 0 Moves: 6904 Your Inventory: Weapons v - an [uncursed] rustproof [+0] broadsword named Luck Blade [Luck Blade] L - 8 [blessed +0] shuriken (in quiver) Armor I - an uncursed +1 robe (being worn) K - a blessed +0 helm of brilliance (being worn) X - an [uncursed] +0 pair of speed boots (being worn) Y - an uncursed +0 pair of gauntlets of power (being worn) Z - an [uncursed] +0 Hawaiian shirt (being worn) Potions e - an uncursed potion of healing Wands z - an uncursed wand of magic missile (0:8) Tools b - an [uncursed] sack u - an [uncursed +0] unicorn horn J - an [uncursed +0] pick-axe Q - an [uncursed] blindfold R - an [uncursed] lock pick Contents of the sack: 1168 gold pieces an [uncursed +0] silver saber an uncursed +0 pair of jumping boots an [uncursed] carrot an [uncursed] cram ration 4 [uncursed] cream pies 3 [uncursed stale] eggs 11 [uncursed] food rations 3 [uncursed] fortune cookies an [uncursed] melon 3 [uncursed] pancakes an [uncursed] pear an [uncursed] tin [of kobold lord meat] 2 [uncursed] tripe rations 2 [uncursed] scrolls called earth [of earth] an [uncursed] scroll labeled KO BATE [of enchant armor] an uncursed scroll of confuse monster a blessed scroll of create monster an uncursed scroll of fire a blessed scroll of remove curse 2 [uncursed] unlabeled scrolls [of blank paper] a [cursed] amber potion [of booze] an [uncursed] amber potion [of booze] an [uncursed] brown potion [of gain ability] an [uncursed] clear potion [of water] an [uncursed] dark green potion [of speed] an [uncursed] fizzy potion [of levitation] an uncursed golden potion [of confusion] an [uncursed] indigo potion [of gain energy] a [blessed] indigo potion [of gain energy] a [blessed] milky potion [of object detection] an [uncursed] pink potion [of paralysis] an uncursed potion of full healing 2 uncursed potions of healing an uncursed potion of sleeping an [uncursed] sparkling potion [of invisibility] an [uncursed] steamy potion [of blindness] a [blessed +1] amber ring [of gain intelligence] a [cursed -1] amber ring [of gain intelligence] an [uncursed +1] bronze ring [of increase damage] an [uncursed] ceramic ring [of fire resistance] an [uncursed] copper ring [of slow digestion] an [uncursed] diamond ring [of free action] an [uncursed] platinum ring [of warning] a [cursed -2] steel ring [of gain dexterity] an [uncursed] bent wand [of cold (0:8)] an [uncursed] black wand [of speed monster (0:6)] an [uncursed] bronze wand [of locking (0:7)] an [uncursed] iridium wand [of secret door detection (0:14)] an [uncursed] iridium wand [of secret door detection (0:14)] an [uncursed] iridium wand [of secret door detection (0:13)] an [uncursed] marble wand [of teleportation (0:5)] an [uncursed] nickel wand [of sleep (0:7)] an [uncursed] porcelain wand [of lightning (0:7)] an uncursed magic marker (0:70) Spells known in the end: Name Level Category Fail Memory a - sleep 1 enchantment 0% [||||||..] Your skills at the end: Fighting Skills martial arts [Skilled / Grand Master] Weapon Skills Spellcasting Skills healing spells [Basic / Expert] Final Attributes: You were piously aligned. Hunger level was 405. Your alignment was 44 / 44. Monster difficulty range was 0 - 6. Level difficulty was 4. You were immune to sleep. You were immune to poison. You saw invisible. You were telepathic. You were warned. You were stealthy. You were swallowed by a purple worm (0). You were very fast. You were lucky (3). You had extra luck. Bad luck did not time out for you. Good luck did not time out for you. You are dead. Vanquished creatures: 2 giant mimics a large mimic 2 small mimics 2 giant beetles a leprechaun a dog a dwarf lord a white unicorn 2 apes 2 soldier ants 2 rock piercers an enormous rat 2 rock moles a pony a fog cloud 2 shriekers a violet fungus a gnome lord a gnomish wizard 2 kobold mummies a guardian naga hatchling an elf zombie a straw golem a paper golem 2 baby crocodiles 4 giant ants 2 little dogs a floating eye 2 dwarves 2 kobold shamans a centipede 2 giant bats a monkey an orc zombie 2 dwarf zombies a werejackal an iguana 3 acid blobs 5 coyotes 4 hobbits 5 manes a hobgoblin 4 giant rats a cave spider 3 yellow molds a green mold 2 red molds 12 Keystone Kops 3 garter snakes 2 gnome zombies 3 geckos 10 jackals 2 foxes 2 kobolds 4 goblins a sewer rat 7 grid bugs 3 bats 6 lichens 5 kobold zombies 9 newts 153 creatures vanquished. Voluntary challenges: You pretended to be a vegetarian. You never hit with a wielded weapon. You read items or engraved 8 times. You put on armor 8 times. You never genocided any monsters. You never polymorphed an object. You never changed form. You used no wishes. You never wrote Elbereth's name. You never encountered a bones level. You never used any Sokoban shortcuts. Dungeon overview: The Dungeons of Doom: levels 1 to 7 Level 1 an altar to Huan Ti a long staircase Level 2 some fountains a long staircase Level 3 an armor shop Level 4 an armor shop Level 5 a general store, a fountain Level 6 many fountains Level 7 stairs to Sokoban Sokoban: levels 4 to 6 Level 4 <- You were here Level 6 a magic chest stairs to The Dungeons of Doom History has recorded: On T:1 you entered the Dungeons of Doom to retrieve the Amulet of Yendor! On T:162 you reached level 2 of The Dungeons of Doom. On T:200 you advanced to experience level 2. On T:1601 you advanced to experience level 3. On T:1904 you received Luck Blade from Huan Ti. On T:2409 you advanced to experience level 4. On T:3691 you advanced to experience level 5. On T:3802 you reached level 3 of The Dungeons of Doom. On T:3977 you advanced to experience level 6. On T:4348 you reached level 4 of The Dungeons of Doom. On T:4550 you reached level 5 of The Dungeons of Doom. On T:4575 you advanced to experience level 7. On T:4996 you reached level 6 of The Dungeons of Doom. On T:5156 you advanced to experience level 8. On T:5236 you reached level 7 of The Dungeons of Doom. On T:5290 you reached level 3 of Sokoban. On T:5651 you reached level 2 of Sokoban. On T:5884 you reached level 1 of Sokoban. Latest messages: You have a little trouble lifting J - a pick-axe. [HP+1=52] You see here a rotten giant bat corpse. You hit the purple worm! The purple worm bites! The purple worm engulfs you! The purple worm digests you! [HP-18=34] You hit the purple worm. The purple worm digests you! [HP-3=31] You hit the purple worm. The purple worm digests you! [HP-5=26] You hit the purple worm. (3x) The purple worm thoroughly digests you! [HP-1=25] You hit the purple worm. The purple worm utterly digests you! [HP-6=19] You hit the purple worm. The purple worm totally digests you! You die... Final status: Punardarsanaya groovejumper the Monk... You died in Sokoban on dungeon level 4 with 8888 points, and 1168 pieces of gold, after 6904 moves. You were level 8 with a maximum of 56 hit points when you died.